 Dungeon Crawl Stone Soup version 0.18-a0-1180-g64ccc1e (webtiles) character file.

126787 Duffy the Warrior (level 16, -8/155 HPs)
             Began as a Hill Orc Fighter on Jan 27, 2016.
             Was the Champion of Cheibriados.
             Mangled by a shambling mangrove (41 damage)
             ... on level 2 of the Swamp.
             The game lasted 01:02:56 (28339 turns).

Duffy the Warrior (Hill Orc Fighter)               Turns: 28339, Time: 01:02:56

Health: -8/155     AC:  0    Str: 39    XL:     16   Next: 99%
Magic:  25/25      EV: 18    Int: 25    God:    Cheibriados [******]
Gold:   1387       SH:  0    Dex: 25    Spells: 0 memorised, 15 levels left

rFire  . . .     SeeInvis .     (weapon currently unavailable)
rCold  . . .     Gourm    .     (armour currently unavailable)
rNeg   . . .     Faith    .     (shield currently unavailable)
rPois  .         Spirit   .     (helmet currently unavailable)
rElec  .         Dismiss  .     (cloak currently unavailable)
rCorr  .         Reflect  .     (gloves currently unavailable)
SustAt .         Harm     .     (boots currently unavailable)
MR     +....                    R - amulet of regeneration
Stlth  ++........               (ring currently unavailable)
                                (ring currently unavailable)

@: lethally poisoned (-8 -> -11), pig-form (expiring), grasped by roots, slowed,
very slow, somewhat resistant to hostile enchantments, unstealthy
A: no striking features
a: Bend Time, Temporal Distortion, Slouch, Step From Time, Renounce Religion


You were on level 2 of the Swamp.
You worshipped Cheibriados.
Cheibriados was exalted by your worship.
You were not hungry.
You were a filthy swine.
You visited 5 branches of the dungeon, and saw 28 of its levels.

You collected 3458 gold pieces.
You spent 2071 gold pieces at shops.


   Skills:
 + Level 17.4 Fighting
 + Level 11.4(14.2) Axes
 - Level 12.2(13.4) Maces & Flails
 + Level 15.0 Armour
 - Level 10.6 Dodging
   Level 3.2 Shields
 - Level 12.5 Invocations
 - Level 6.8 Evocations


You had 15 spell levels left.
You didn't know any spells.

Inventory:

Hand Weapons
 a - a +0 executioner's axe
 t - the +9 morningstar "Avemp" (melded) {elec, *Contam rElec Int+4} Occasionally, upon striking a foe, it will discharge some electrical energy and cause terrible harm. It affects your intelligence (+4). It insulates you from electricity. It causes magical contamination when unequipped.
 A - a +0 blowgun
Missiles
 s - 12 curare-tipped needles
 F - 5 throwing nets (quivered)
 G - 67 poisoned needles
Armour
 b - the +6 plate armour "Querhum" (melded) {rPois}

   It protects you from poison.
 l - a +2 hat (melded)
 m - a +2 pair of gloves (melded)
 w - a +1 pair of gloves of archery
 y - a +1 pair of boots (melded)
 z - a +0 cloak (melded)
Jewellery
 x - a ring of see invisible (melded)
 M - an uncursed ring of ice
 R - an amulet of regeneration (around neck)
 U - an uncursed ring of fire
 Y - a +3 ring of strength (melded)
Wands
 c - a wand of paralysis (14/24)
 E - a wand of invisibility (3/9)
 L - a wand of invisibility (4/9)
 N - a wand of digging (9/24)
 S - a wand of digging (7/24)
 T - a wand of teleportation (8/9)
 V - a wand of fire (4/15)
 W - a wand of fire (13/15)
Scrolls
 j - 7 scrolls of fog
 k - 2 scrolls of magic mapping
 r - a scroll of identify
 u - 2 scrolls of teleportation
 J - 8 scrolls of remove curse
 K - 2 scrolls of blinking
 O - 3 scrolls of recharging
 Q - 3 scrolls of enchant weapon
 Z - a scroll of vulnerability
Potions
 d - 3 potions of might
 e - 6 potions of flight
 g - 7 potions of curing
 h - 6 potions of heal wounds
 o - 3 potions of magic
 q - 5 potions of agility
 H - 3 potions of cancellation
 P - 3 potions of resistance
Miscellaneous
 D - a plain deck of summoning
Comestibles
 f - 20 bread rations
 i - 27 fruits
 n - 4 chunks of flesh
 p - 11 meat rations
 v - 6 slices of pizza

Dungeon Overview and Level Annotations

Branches:
Dungeon (15/15)            Temple (1/1) D:6            Lair (8/8) D:11
  Swamp (2/4) Lair:3       Spider (0/4) Lair:5        Slime (0/6) Lair:7
    Orc (2/2) D:9             Elf (0/3) Orc:2        Vaults (0/5) D:13
 Depths (0/5) D:15

Altars:
Ashenzari
Cheibriados
Dithmenos
Elyvilon
Fedhas
Gozag
Kikubaaqudgha
Makhleb
Nemelex Xobeh
Okawaru
Pakellas
Qazlal
Ru
Sif Muna
Trog
Vehumet
Xom
Yredelemnul
Zin
The Shining One
Beogh

Shops:
D:7 :([(   D:10 =   D:14 (   Orc:1 *   Orc:2 (([!

Annotations:
D:12 exclusion: ice statue
Swamp:2 Aizul, Kirke


Message History

There are monsters nearby!
There are monsters nearby!
There are monsters nearby!
There are monsters nearby!
There are monsters nearby!
There are monsters nearby!
There are monsters nearby!
There are monsters nearby!
There are monsters nearby!
There are monsters nearby!
There are monsters nearby!
There are monsters nearby!
There are monsters nearby!
There are monsters nearby!
There are monsters nearby!
There are monsters nearby!
Roots grasp at your trotters, making movement difficult.
Your transformation is almost over.
Tangled roots snake along the ground.
The swamp worm barely misses you. The swamp worm completely misses you.
The shambling mangrove hits you!!
Aizul the Neglectful Guardian comes into view.
A root reaches out and grasps at passing movement.
The swamp worm misses you. The swamp worm completely misses you.
Aizul screams, "I'll haunt your nightmares!"
The swamp worm bites you!
Aizul coils himself and waves his upper body at you.
The poison arrow hits you!
You are poisoned.
The shambling mangrove hits you!!! The swamp worm bites you!
Found 10 gold pieces.
You feel very sick.
The ground creaks as gnarled roots bulge its surface.
The swamp worm misses you. The shambling mangrove hits you!!!
You die...

..~~~~.~~~~
.0~~~.~~..
~~..~~~..
7.0~~~~.7
77.~~~~~7 ..
777..~~~0.77
~.~
7~...~~~~~~7
~..
7.7fw~~.~0.~
.~~
7...h~~.77~.
.~~
7.~.~~S..7 7
7.~
7.~~~~~.~7
~..
77~~~~~~~...
..~
7~.~~~~~~~~0
7.~
77.~~00~~~~.
...
~~~~~.~~..$
...
77.~~~..~.~.
... ...


You could see Aizul, a shambling mangrove and a swamp worm.

Action                   |  1- 3 |  4- 6 |  7- 9 | 10-12 | 13-15 | 16-18 || total
-------------------------+-------+-------+-------+-------+-------+-------++-------
Melee: War axe           |   114 |   136 |   167 |       |       |       ||   417
       Dagger            |       |    19 |       |       |       |       ||    19
       Morningstar       |       |       |   159 |   498 |   917 |   514 ||  2088
Invok: Slouch            |       |       |       |     1 |    15 |    10 ||    26
Evoke: Wand              |       |       |       |       |     1 |       ||     1
  Use: Scroll            |     1 |     6 |     4 |     7 |    12 |     3 ||    33
       Potion            |       |       |       |     1 |     1 |     4 ||     6
 Stab: Invisible         |       |       |       |       |     6 |    14 ||    20
  Eat: Chunk             |     1 |     7 |    21 |     6 |    17 |     6 ||    58
       Pizza             |       |       |       |     4 |       |       ||     4
       Royal jelly       |       |       |       |       |     1 |     1 ||     2
       Beef jerky        |       |       |       |       |       |     6 ||     6

Notes
Turn   | Place    | Note
--------------------------------------------------------------
     0 | D:1      | Duffy the Hill Orc Fighter began the quest for the Orb.
     0 | D:1      | Reached XP level 1. HP: 19/19 MP: 1/1
    51 | D:1      | Reached skill level 3 in Axes
   211 | D:1      | Reached XP level 2. HP: 23/26 MP: 2/2
   380 | D:1      | Reached skill level 4 in Axes
   620 | D:1      | Reached XP level 3. HP: 31/31 MP: 3/3
  1129 | D:2      | Reached skill level 5 in Axes
  1534 | D:2      | Reached XP level 4. HP: 30/39 MP: 4/4
  2037 | D:3      | Found a bloodstained altar of Trog.
  2038 | D:3      | Found a sacrificial altar of Ru.
  2185 | D:4      | Reached skill level 6 in Axes
  2483 | D:3      | Reached XP level 5. HP: 45/45 MP: 5/5
  2772 | D:4      | Reached skill level 7 in Axes
  2804 | D:4      | Reached skill level 4 in Fighting
  2804 | D:4      | Reached XP level 6. HP: 41/52 MP: 6/6
  2866 | D:4      | Reached skill level 4 in Armour
  2984 | D:4      | Got a crystal morningstar
  3329 | D:5      | Entered Level 5 of the Dungeon
  3398 | D:5      | Reached skill level 8 in Axes
  3398 | D:5      | Reached XP level 7. HP: 55/60 MP: 7/7
  3442 | D:5      | Found a sparkling altar of Nemelex Xobeh.
  3638 | D:4      | Reached skill level 5 in Armour
  3983 | D:5      | Reached skill level 5 in Fighting
  4127 | D:6      | Reached skill level 9 in Axes
  4337 | D:5      | Reached skill level 6 in Armour
  4337 | D:5      | Reached XP level 8. HP: 58/67 MP: 8/8
  4954 | D:6      | Reached skill level 10 in Axes
  4954 | D:6      | Reached skill level 7 in Armour
  4976 | D:6      | Reached skill level 6 in Fighting
  5028 | D:6      | Found a blossoming altar of Fedhas.
  5030 | D:6      | Identified the +9 morningstar "Avemp" {elec, *Contam rElec Int+4} (You found it on level 4 of the Dungeon)
  5144 | D:7      | Found Gellaenn's Weapon Emporium.
  5163 | D:7      | Found Dezuz's Armour Shop.
  5186 | D:7      | Found Nokkif's Book Boutique.
  5533 | D:6      | Reached skill level 1 in Maces & Flails
  5612 | D:6      | Found a staircase to the Ecumenical Temple.
  5620 | D:6      | Reached XP level 9. HP: 77/77 MP: 9/9
  5626 | Temple   | Entered the Ecumenical Temple
  5782 | Temple   | Became a worshipper of Cheibriados the Contemplative
  5880 | D:6      | Reached skill level 2 in Maces & Flails
  5978 | D:6      | Reached skill level 3 in Maces & Flails
  6200 | D:7      | Found Vukimpof's Antique Weapon Emporium.
  6280 | D:7      | Reached skill level 7 in Fighting
  6383 | D:7      | Reached skill level 8 in Armour
  6565 | D:7      | Reached skill level 4 in Maces & Flails
  6626 | D:7      | Reached * piety under Cheibriados
  6630 | D:7      | Found a stormy altar of Qazlal.
  7077 | D:8      | Reached skill level 1 in Dodging
  7176 | D:8      | Reached skill level 5 in Maces & Flails
  7404 | D:8      | Reached ** piety under Cheibriados
  7415 | D:8      | Reached skill level 2 in Dodging
  7625 | D:8      | Reached skill level 8 in Fighting
  7953 | D:9      | Reached skill level 6 in Maces & Flails
  7953 | D:9      | Reached XP level 10. HP: 83/88 MP: 10/10
  8388 | D:9      | Reached *** piety under Cheibriados
  8625 | D:9      | Reached skill level 7 in Maces & Flails
  8625 | D:9      | Reached skill level 1 in Invocations
  8634 | D:9      | Reached skill level 2 in Invocations
  9057 | D:9      | Reached skill level 3 in Invocations
  9198 | D:9      | Reached skill level 4 in Invocations
  9262 | D:9      | Found a staircase to the Orcish Mines.
  9267 | D:9      | Found a roughly hewn altar of Beogh.
  9280 | D:9      | Reached skill level 8 in Maces & Flails
  9282 | D:9      | Reached **** piety under Cheibriados
  9598 | D:10     | Entered Level 10 of the Dungeon
  9738 | D:10     | Found a radiant altar of Vehumet.
  9840 | D:10     | Reached skill level 5 in Invocations
 10388 | D:10     | Found Iri Peph's Jewellery Emporium.
 10396 | D:10     | Bought an uncursed amulet of regeneration for 330 gold pieces
 10424 | D:10     | Reached skill level 6 in Invocations
 10464 | D:10     | Found a shimmering altar of Xom.
 10576 | D:10     | Reached ***** piety under Cheibriados
 10576 | D:10     | Reached skill level 9 in Maces & Flails
 10673 | D:10     | Noticed a hill giant
 10678 | D:10     | Killed a hill giant
 10678 | D:10     | Reached skill level 7 in Invocations
 10678 | D:10     | Reached XP level 11. HP: 69/95 MP: 14/16
 11041 | D:11     | Noticed a death knight
 11073 | D:10     | Reached skill level 8 in Invocations
 11235 | D:10     | Reached skill level 10 in Maces & Flails
 11235 | D:10     | Reached skill level 3 in Dodging
 11327 | D:11     | Found a staircase to the Lair.
 11631 | D:11     | Noticed a hill giant
 11636 | D:11     | Killed a hill giant
 11792 | D:11     | Reached skill level 9 in Fighting
 12306 | Lair:1   | Entered Level 1 of the Lair of Beasts
 12383 | Lair:1   | Noticed a four-headed hydra
 12386 | Lair:1   | Killed a four-headed hydra
 12386 | Lair:1   | Reached skill level 11 in Maces & Flails
 12492 | Lair:1   | Reached skill level 9 in Armour
 12492 | Lair:1   | Reached skill level 4 in Dodging
 12546 | Lair:1   | Reached ****** piety under Cheibriados
 12633 | Lair:1   | Found a basalt altar of Yredelemnul.
 12846 | Lair:1   | Reached XP level 12. HP: 105/105 MP: 18/18
 13227 | Lair:2   | Reached skill level 12 in Maces & Flails
 13789 | Lair:3   | Noticed Harold
 13828 | Lair:3   | Killed Harold
 13875 | Lair:3   | Reached skill level 10 in Fighting
 13943 | Lair:3   | Found a staircase to the Swamp.
 14482 | Lair:4   | Reached skill level 5 in Dodging
 14585 | Lair:4   | Reached skill level 10 in Armour
 14622 | Lair:4   | Noticed a four-headed hydra
 14625 | Lair:4   | Killed a four-headed hydra
 14690 | Lair:4   | Noticed a five-headed hydra
 14694 | Lair:4   | Killed a five-headed hydra
 14779 | Lair:4   | Reached skill level 11 in Fighting
 15296 | Lair:4   | Reached skill level 6 in Dodging
 15417 | Lair:5   | Reached XP level 13. HP: 97/116 MP: 19/19
 15542 | Lair:5   | Reached skill level 11 in Armour
 15560 | Lair:5   | Found a hole to the Spider Nest.
 16160 | Lair:5   | Reached skill level 12 in Fighting
 16438 | Lair:5   | Reached skill level 7 in Dodging
 16448 | Lair:5   | Got a crude plate armour
 16459 | Lair:5   | Identified the cursed +0 plate armour of Tiurgh {rPois rCorr Str+3} (You found it on level 5 of the Lair of Beasts)
 17238 | Lair:6   | Reached skill level 12 in Armour
 18022 | Lair:7   | Reached skill level 13 in Fighting
 18028 | Lair:7   | Reached skill level 8 in Dodging
 18048 | Lair:7   | Reached XP level 14. HP: 59/129 MP: 20/20
 18536 | Lair:7   | Reached skill level 13 in Armour
 18637 | Lair:7   | Found a staircase to the Slime Pits.
 18825 | Lair:7   | Got a smoking cloak
 18836 | Lair:7   | Identified the cursed -2 cloak "Monux" {rC- Str+6} (You found it on level 7 of the Lair of Beasts)
 19467 | Lair:8   | Entered Level 8 of the Lair of Beasts
 19544 | Lair:8   | Reached skill level 14 in Fighting
 19599 | Lair:8   | Reached skill level 9 in Dodging
 20414 | Lair:8   | Reached skill level 14 in Armour
 20540 | Lair:8   | Reached XP level 15. HP: 135/139 MP: 21/21
 21195 | D:12     | Reached skill level 15 in Fighting
 21420 | D:12     | Reached skill level 9 in Invocations
 21487 | D:12     | Reached skill level 10 in Invocations
 21653 | D:13     | Found a gate to the Vaults.
 21653 | D:13     | Noticed Rupert
 21655 | D:13     | Reached skill level 11 in Invocations
 21664 | D:12     | Killed Rupert
 21664 | D:12     | Reached skill level 12 in Invocations
 22182 | D:13     | Reached skill level 10 in Dodging
 22182 | D:13     | Reached skill level 1 in Evocations
 22569 | D:11     | Reached skill level 2 in Evocations
 22711 | D:11     | Reached skill level 3 in Evocations
 22856 | D:14     | Found Fontyuh's Antique Weapon Shop.
 23065 | D:14     | Found a glowing golden altar of the Shining One.
 23126 | D:14     | Reached skill level 4 in Evocations
 23173 | D:14     | Paralysed by a wizard for 2 turns
 23701 | D:10     | Reached skill level 5 in Evocations
 23853 | Orc:1    | Entered Level 1 of the Orcish Mines
 23875 | Orc:1    | Reached XP level 16. HP: 145/149 MP: 25/25
 24039 | Orc:1    | Found Biedoy's General Store.
 24351 | Orc:2    | Entered Level 2 of the Orcish Mines
 24353 | Orc:2    | Noticed Azrael
 24355 | Orc:2    | Reached skill level 6 in Evocations
 24360 | Orc:2    | Killed Azrael
 24446 | Orc:2    | Found a roughly hewn altar of Beogh.
 24471 | Orc:2    | Found a staircase to the Elven Halls.
 24512 | Orc:2    | Found a roughly hewn altar of Beogh.
 24691 | Orc:2    | Found a roughly hewn altar of Beogh.
 24703 | Orc:2    | Found Uruyriwkoi's Distillery.
 24810 | Orc:2    | Noticed Saint Roka
 24834 | Orc:2    | Found a roughly hewn altar of Beogh.
 24859 | Orc:2    | Found Quyc's Antique Weapon Shop.
 24860 | Orc:2    | Killed Saint Roka
 25100 | Orc:2    | Reached skill level 16 in Fighting
 25130 | Orc:2    | Found Miru's Antique Armour Shop.
 25130 | Orc:2    | Found a roughly hewn altar of Beogh.
 25139 | Orc:2    | Found Kecliqud's Antique Weapon Boutique.
 25296 | Orc:2    | Found a roughly hewn altar of Beogh.
 25318 | Orc:2    | Found a roughly hewn altar of Beogh.
 25504 | Orc:2    | Bought a fine plate armour for 756 gold pieces
 25515 | Orc:2    | Identified the +6 plate armour "Querhum" {rPois} (You bought it in a shop on level 2 of the Orcish Mines)
 25517 | Orc:2    | Bought an embroidered hat for 108 gold pieces
 25597 | Orc:2    | Bought a potion of heal wounds for 75 gold pieces
 25597 | Orc:2    | Bought a potion of agility for 60 gold pieces
 25597 | Orc:2    | Bought 2 potions of resistance for 300 gold pieces
 25642 | Orc:1    | Bought a potion of cancellation for 112 gold pieces
 25830 | D:14     | Bought an executioner's axe for 330 gold pieces
 25943 | D:15     | Entered Level 15 of the Dungeon
 26311 | D:15     | Found a staircase to the Depths.
 26340 | D:15     | Reached skill level 17 in Fighting
 27019 | Swamp:1  | Entered Level 1 of the Swamp
 27492 | Swamp:1  | Reached skill level 11 in Axes
 28124 | Swamp:2  | Noticed Frances
 28138 | Swamp:2  | Killed Frances
 28138 | Swamp:2  | Reached skill level 15 in Armour
 28276 | Swamp:2  | Noticed Kirke
 28338 | Swamp:2  | Noticed Aizul
 28339 | Swamp:2  | Mangled by a shambling mangrove

Vault maps used:
D:1:      nicolae_arrival_washed_ashore, minivault_23
D:2:      kennysheep_boxes
D:3:      gammafunk_temple_overflow_pools, eino_tiny_chamber
D:4:      first_bread
D:5:      nemelex_deck
D:6:      minmay_temple_entry_overgrown, minivault_14, minmay_misc_feat_roman,
          fedhas_bush_and_centaur_altar
D:7:      basic_altar, serial_shops, shop, shop, shop, shop
D:9:      minmay_orc_entry_temple_small
D:10:     serial_shops, nicolae_shop_stone, basic_altar, grunt_pizzeria,
          minmay_misc_feat_plants, lemuel_tele_altar
D:11:     minmay_klotski, minmay_lair_entry_grove
D:12:     hangedman_screamer, minmay_statue_bubble
D:13:     david_vaults_3
D:14:     tso_altar, serial_shops, nicolae_shop_overgrown_old_shop
D:15:     hangedman_depths_entry_try_elsewhere_first
Temple:   kilobyte_greek_temple_18
Lair:1:   basic_altar, grunt_megastairs_1
Lair:3:   minmay_swamp_entry_worms, lemuel_fruit_tree, uniq_harold
Lair:5:   nicolae_spider_entry_tight_spaces
Lair:6:   eino_house_with_fridge, lemuel_fruit_fields
Lair:7:   slime_dummy, serial_bayou_pond_a, grunt_forest_small_clearing_treed,
          grunt_megastairs_4
Lair:8:   minmay_lair_end_frog_pond, serial_bayou, serial_bayou_shore_a,
          serial_bayou_pond_b, serial_bayou_pond_e, serial_bayou_pond_c,
          serial_bayou_ford_a, minivault_24
Swamp:1:  evilmike_swamp_ruin_house_6
Swamp:2:  nicolae_swamp_trees_clearing, hangedman_swamp_wriggling, uniq_kirke,
          uniq_aizul, uniq_frances
Orc:1:    serial_shops, shop
Orc:2:    grunt_orc_community_town_hall, grunt_orc_community_big_house_2,
          grunt_orc_community_big_house_1, grunt_orc_community_house_3,
          grunt_orc_community_house_1, grunt_orc_community_house_2,
          grunt_orc_community_house_3, basic_altar, uniq_azrael, uniq_saint_roka

Vanquished Creatures
  Saint Roka Rupert Frances
  An orc warlord
  A stone giant
  A vampire knight
  A salamander stormcaller
  A dire elephant Azrael
  An ettin
  A yaktaur captain Harold
  14 hydras
  A catoblepas
  5 centaur warriors
  An ogre mage
  A death knight
  3 alligators
  A tengu warrior
  6 death yaks
  An orc high priest
  A deep elf knight
  2 skeletal warriors
  A wizard
  An unseen horror
  3 hill giants
  2 necromancers
  2 swamp dragons
  A deep elf mage
  6 griffons
  3 orc knights
  3 orc sorcerers
  2 ugly things
  3 cyclopes
  2 manticores
  7 black mambas
  12 elephants
  23 spiny frogs
  A torpor snail
  A redback zombie
  A kobold demonologist
  8 centaur skeletons
  9 komodo dragons
  A yaktaur
  2 fire drakes
  A tengu conjurer
  2 jumping spiders
  11 trolls
  6 giant leeches
  A bog body
  11 slime creatures
  21 blink frogs
  6 two-headed ogres
  2 flying skulls
  5 redbacks
  A vampire
  4 shadows
  4 spriggans
  66 yaks
  4 wyverns
  A hog
  6 basilisks
  2 steam dragons
  2 fire elementals
  14 hippogriffs
  16 humans
  3 hungry ghosts
  4 vampire mosquitoes
  6 wolves
  6 wargs
  2 mottled dragons
  8 swamp worms
  An insubstantial wisp
  2 soldier ants
  14 water moccasins
  18 porcupines
  4 hell hounds
  41 orc warriors
  2 swamp drakes
  5 ice beasts
  3 sky beasts
  2 black bears
  5 wasps
  15 ogres
  2 phantoms
  3 eyes of draining
  5 boggarts
  8 necrophages
  22 centaurs
  18 crocodiles
  A big kobold
  A big kobold (shapeshifter)
  35 giant frogs
  3 wyvern zombies
  4 wyvern skeletons
  8 scorpions
  A water moccasin skeleton
  8 wights
  10 killer bees
  3 electric eels
  8 crimson imps
  A wasp zombie
  8 centaur zombies
  3 giant frog zombies
  4 jellies
  28 orc wizards
  22 orc priests
  A gnoll shaman
  9 hounds
  4 giant frog skeletons
  10 iguanas
  6 hell rats
  10 worker ants
  A killer bee zombie
  2 polar bear simulacra
  2 wolf simulacra
  3 yak simulacra
  23 sheep
  A hound skeleton
  A worker ant zombie
  8 gnolls
  75 river rats
  11 adders
  A shadow imp
  An ooze
  4 adder skeletons
  2 worms
  6 giant geckos
  106 orcs
  3 bats
  6 giant cockroaches
  7 hobgoblins
  7 jackals
  9 kobolds
  5 quokkas
  A ball python
  7 giant newts
  9 goblins
  2 quokka skeletons
  A quokka zombie
  7 rats
  4 river rat simulacra
  23 fungi
  28 plants
1081 creatures vanquished.
